Map: Lightshade LE

Players

SortOf - Winner!

  • Race: Zerg Zerg

Kas

  • Race: Terran Terran

Event: DreamHack SC2 Masters 2021 Fall

VOD

Have the link to the VOD?

Description

Time

  • Played on: July 31, 2021, 2:30 p.m.
  • Length: 11:39

All games in this series

Show
View Real Time Build Order
Export as new Build Order

SortOf Zerg - Winner!

Build Orders: Hatch First 

Get SALT Encoding   

  12  0:00  Drone  
  13  0:12  Overlord  
  13  0:17  Drone  
  14  0:30  Drone x2  
  16  0:47  Hatchery  
  15  0:51  Drone  
  15  0:54  Drone  
  17  0:59  Drone  
  18  1:09  Extractor  
  17  1:13  Spawning Pool  
  17  1:16  Drone  
  17  1:19  Drone  
  18  1:29  Drone  
  19  1:38  Drone  
  20  1:49  Drone  
  21  1:59  Queen  
  21  2:00  Queen, Zergling x2  
  21  2:01  Zergling x2  
  27  2:10  Overlord  
  27  2:11  Drone  
  28  2:21  Hatchery  
  27  2:25  Drone  
  28  2:31  Drone  
  28  2:32  Spore Crawler  
  28  2:36  Drone x2  
  31  2:42  Queen  
  33  2:49  Drone x2  
  34  2:53  Overlord  
  34  2:55  Metabolic Boost  
  34  3:01  Drone  
  34  3:05  Drone  
  36  3:11  Queen, Overlord  
  38  3:17  Drone  
  39  3:21  Queen  
  39  3:24  Drone  
  39  3:26  Overlord  
  42  3:32  Drone x2  
  44  3:35  Queen  
  44  3:39  Drone  
  47  3:41  Zergling x4  
  47  3:44  Drone x2  
  47  3:45  Drone  
  52  3:51  Drone x2  
  52  3:53  Overlord  
  54  3:56  Drone  
  54  4:01  Queen  
  57  4:03  Drone x2  
  57  4:04  Drone  
  57  4:07  Drone  
  57  4:08  Drone  
  61  4:13  Overlord  
  61  4:17  Drone x3  
  64  4:24  Zergling x2  
  62  4:31  Drone x3  
  62  4:42  Drone x4  
  62  4:44  Lair  
  62  4:45  Baneling Nest  
  65  4:46  Drone x2  
  65  4:48  Drone  
  65  4:51  Overlord  
  68  4:54  Drone x2  
  68  5:05  Drone x6  
  69  5:09  Drone  
  69  5:15  Zergling x2  
  69  5:18  Drone  
  69  5:19  Extractor x2, Drone x5  
  74  5:23  Queen  
  74  5:24  Overlord  
  74  5:25  Overlord  
  76  5:28  Drone x3  
  76  5:33  Drone, Evolution Chamber  
  76  5:34  Drone  
  76  5:35  Evolution Chamber  
  79  5:36  Extractor  
  78  5:46  Hatchery, Centrifical Hooks  
  78  5:47  Overseer  
  78  5:48  Zergling x2  
  78  5:49  Zergling x4  
  80  5:52  Zergling x6  
  80  5:54  Drone  
  84  5:58  Drone x2  
  84  5:59  Drone  
  84  6:01  Overlord  
  84  6:02  Drone x3  
  90  6:04  Overseer  
  90  6:06  Zergling x2  
  90  6:11  Zergling x8  
  95  6:16  Zerg Ground Armor Level 1  
  95  6:25  Spore Crawler, Drone  
  95  6:26  Spore Crawler  
  95  6:27  Zergling x2  
  95  6:28  Zergling x14  
  95  6:29  Zerg Melee Weapons Level 1  
  101  6:40  Drone x5  
  101  6:45  Baneling x5  
  106  6:48  Overlord  
  106  6:49  Overlord  
  106  6:54  Overlord  
  106  6:56  Spore Crawler, Baneling x6  
  106  6:58  Overlord  
  106  6:59  Overlord  
  106  7:00  Pneumatized Carapace  
  105  7:02  Zergling x10  
  109  7:08  Extractor  
  109  7:14  Drone  
  109  7:15  Drone x6  
  115  7:17  Spore Crawler  
  115  7:18  Drone x3  
  115  7:19  Drone x2  
  115  7:21  Baneling x5  
  115  7:22  Baneling x3  
  119  7:28  Hatchery  
  118  7:30  Zergling x6  
  118  7:36  Zergling x10  
  126  7:45  Zergling x16  
  128  8:02  Overlord  
  128  8:05  Zergling x14  
  128  8:06  Zergling x4, Hatchery  
  134  8:18  Zergling x18, Overseer  
  134  8:19  Overseer  
  141  8:25  Baneling x11  
  141  8:26  Zergling x10  
  143  8:28  Zerg Melee Weapons Level 2, Zerg Ground Armor Level 2  
  143  8:31  Infestation Pit  
  143  8:33  Drone x2  
  144  8:36  Baneling x4  
  144  8:38  Zergling x12  
  149  8:47  Zergling x12  
  155  8:49  Baneling x2  
  155  8:53  Drone x5  
  157  8:58  Zergling x2  
  157  9:06  Zergling x2  
  157  9:07  Overlord x2  
  157  9:20  Baneling x6  
  157  9:21  Baneling x10, Overlord  
  157  9:22  Zergling x12  
  163  9:25  Baneling x3  
  163  9:27  Zergling x20  
  163  9:30  Baneling  
  163  9:31  Baneling x11  
  173  9:35  Zergling x12  
  173  9:37  Baneling x3  
  174  9:50  Zergling x20  
  174  9:51  Zergling x12  
  182  9:54  Zergling x8  
  182  9:55  Zergling x2  
  182  9:57  Zergling x2  
  179  10:01  Hive  
  176  10:07  Zergling x18  
  176  10:08  Zergling x6  
  176  10:12  Baneling x13  
  188  10:14  Overlord  
  188  10:21  Overlord  
  188  10:26  Baneling x2  
  182  10:34  Overlord  
  182  10:35  Zergling x18  
  191  10:36  Baneling x11  
  169  10:46  Zergling x36  
  134  10:51  Baneling x8  
  134  10:52  Zergling x10  
  134  10:56  Zergling x4  
  141  10:58  Baneling x4  
  141  10:59  Zergling x6  
  143  11:09  Zergling x22  
  135  11:19  Zergling x12  
  135  11:25  Overseer  
  139  11:27  Extractor  
  139  11:28  Extractor  
Show
View Real Time Build Order
Export as new Build Order

Kas Terran 

Build Orders: Liberator Opening, Reaper Expand 

Get SALT Encoding   

  12  0:00  SCV  
  13  0:12  SCV  
  14  0:17  Supply Depot  
  14  0:24  SCV  
  15  0:38  SCV  
  15  0:40  Barracks  
  16  0:44  Refinery  
  16  0:50  SCV  
  17  1:03  SCV  
  18  1:15  SCV  
  19  1:27  Orbital Command  
  19  1:28  Reaper  
  20  1:39  Command Center  
  20  1:48  Supply Depot  
  20  1:53  SCV  
  21  1:59  Marine  
  22  2:05  SCV  
  22  2:07  Factory  
  23  2:16  Refinery  
  23  2:17  SCV  
  23  2:20  Barracks Reactor  
  24  2:35  SCV  
  25  2:47  SCV  
  26  2:52  Starport  
  26  2:53  Orbital Command  
  26  2:59  SCV  
  26  3:02  Hellion x2  
  31  3:06  Marine  
  31  3:12  SCV  
  33  3:19  SCV  
  34  3:23  Marine  
  34  3:24  SCV, Hellion x2  
  40  3:29  Medivac  
  40  3:32  SCV  
  40  3:34  Supply Depot  
  43  3:36  SCV  
  44  3:41  Marine  
  44  3:44  SCV  
  47  3:55  SCV  
  47  3:57  SCV  
  47  3:59  Liberator  
  47  4:01  Barracks Tech Lab  
  51  4:06  Supply Depot  
  51  4:07  SCV  
  52  4:10  SCV  
  52  4:15  Command Center  
  53  4:19  Supply Depot, SCV  
  53  4:20  Factory Reactor  
  54  4:27  Marine  
  54  4:31  SCV  
  56  4:38  SCV  
  54  4:39  Stimpack  
  54  4:42  Barracks x2  
  54  4:43  SCV  
  55  4:50  SCV  
  56  4:55  Marine, SCV  
  56  5:07  SCV  
  56  5:11  SCV  
  55  5:15  Marine  
  55  5:16  Engineering Bay x2  
  55  5:20  SCV  
  57  5:21  Barracks x2  
  57  5:22  Refinery  
  57  5:23  SCV  
  57  5:24  Factory Tech Lab  
  57  5:26  Orbital Command  
  58  5:33  SCV  
  59  5:38  Refinery  
  59  5:39  SCV  
  60  5:43  Terran Infantry Armor Level 1, Marine x2, Terran Infantry Weapons Level 1  
  60  5:44  Siege Tank  
  60  5:45  SCV  
  60  5:46  Marine  
  60  5:49  Orbital Command  
  67  5:50  Marine x2  
  67  5:52  Starport Reactor  
  69  5:57  SCV  
  69  5:58  Supply Depot  
  69  5:59  Supply Depot  
  69  6:00  SCV  
  69  6:01  Marine x2  
  69  6:04  Marine  
  74  6:07  Marine x2  
  74  6:09  Barracks Reactor x2  
  74  6:10  SCV  
  77  6:12  SCV  
  77  6:14  SCV  
  77  6:16  Siege Tank  
  82  6:19  Marine x2, Armory  
  82  6:21  Marine  
  82  6:22  SCV, Combat Shield  
  82  6:25  Marine x2, SCV  
  87  6:27  SCV  
  87  6:30  Supply Depot  
  87  6:32  Supply Depot  
  90  6:37  Marine x2  
  90  6:38  SCV  
  90  6:39  Marine, SCV  
  94  6:42  SCV  
  94  6:43  Marine x2  
  94  6:46  Supply Depot, Medivac  
  99  6:47  Medivac  
  99  6:51  Marine x3  
  99  6:52  SCV  
  105  6:55  Supply Depot  
  105  6:56  SCV  
  105  6:57  Marine  
  105  6:58  Marine x2  
  105  6:59  Marine  
  110  7:01  Supply Depot, Siege Tank  
  110  7:07  Marine, SCV x2  
  116  7:15  Marine  
  116  7:16  Marine x5  
  116  7:19  Marine x2, Supply Depot  
  124  7:26  Marine, SCV  
  126  7:30  Supply Depot, Factory  
  126  7:33  Marine x3, Supply Depot, Siege Tank  
  126  7:36  Marine x2  
  134  7:37  Terran Infantry Weapons Level 2  
  134  7:41  Terran Infantry Armor Level 2  
  134  7:51  Marine x6  
  134  7:52  Marine  
  134  7:54  Terran Vehicle Weapons Level 1  
  133  8:00  SCV  
  133  8:02  Marine x2, Supply Depot x3  
  136  8:06  Siege Tank  
  136  8:09  Marine x2  
  141  8:16  Factory Tech Lab  
  141  8:20  Supply Depot x3  
  141  8:23  Marine x7  
  148  8:27  Marine x2  
  149  8:34  Sensor Tower  
  149  8:39  Siege Tank  
  149  8:41  Marine x4, Siege Tank  
  152  8:43  Marine  
  152  8:44  Marine x3  
  152  8:45  Marine, Refinery  
  164  8:54  Orbital Command  
  160  8:59  Marine x4  
  160  9:01  Marine  
  160  9:02  Marine x3  
  166  9:06  Marine  
  164  9:11  Siege Tank  
  164  9:16  Marine x4  
  171  9:18  Command Center  
  171  9:19  Marine  
  171  9:20  Marine x3  
  171  9:24  Marine  
  175  9:31  Siege Tank  
  179  9:34  Marine x4  
  179  9:36  Medivac x2  
  179  9:37  Marine  
  179  9:38  Marine  
  172  9:57  Marine  
  172  9:58  Marine x3  
  165  10:10  Marine x4, SCV, Siege Tank, Supply Depot  
  165  10:11  Supply Depot  
  173  10:22  Marine x2  
  173  10:29  Marine x7, SCV  
  173  10:31  Medivac x2  
  184  10:40  Marine x2  
  179  10:47  Marine x7  
  120  10:50  Siege Tank  
  120  10:52  Siege Tank  
  120  10:57  Barracks x2  
  126  10:58  Marine x2  
  128  11:04  Marine x4  
  128  11:09  Marine x2  
  106  11:13  Marine  
  106  11:16  Marine x2  

Tags
 
Add a new tag
Caveats
  • Supply blocks, unpowered buildings, or Contaminate may cause inaccurate times.
  • Supply counts are checked every 10 seconds.